 Dungeon Crawl Stone Soup version 0.32-a0-975-g85d4e5bfdb (webtiles) character file.

Game seed: 10355521447172974726

44 Shayle the Apothecary (level 3, 0/24 HPs)
             Began as a Coglin Alchemist on Apr 18, 2024.
             Slain by Natasha (6 damage)
             ... on level 2 of the Dungeon.
             The game lasted 00:03:57 (1309 turns).

Shayle the Apothecary (Coglin Alchemist)            Turns: 1309, Time: 00:03:57

Health: 0/24       AC:  2    Str:  8    XL:     3   Next: 62%
Magic:  4/5        EV: 11    Int: 16    God:
Gold:   38         SH:  0    Dex: 14    Spells: 1/5 levels left

rFire   . . .        f - +0 mace {Urai}
rCold   . . .        i - +0 whip {Wu}
rNeg    . . .        a - +0 robe
rPois   .            (no helmet)
rElec   .            (no cloak)
rCorr   .            (no gloves)
SInv    .            (no boots)
Will    .....        (amulet unavailable)
Stlth   +            (ring unavailable)
HPRegen 0.24/turn    (ring unavailable)
MPRegen 0.09/turn    (no gizmo)

%: no passive effects
@: silenced, revving
A: off-hand wielding, slow wielding, warmup strikes, no jewellery
a: Invent Gizmo


You were on level 2 of the Dungeon.
You visited 1 branch of the dungeon, and saw 2 of its levels.

You collected 78 gold pieces.
You spent 40 gold pieces at shops.

Inventory:

Hand Weapons
 f - a +0 mace (weapon) {Urai}
 i - a +0 whip (offhand) {Wu}
 l - a +0 sling
Missiles
 d - 6 boomerangs (quivered)
Armour
 a - a +0 robe (worn)
Scrolls
 c - a scroll of fog
 m - a scroll of teleportation {unknown}
Potions
 b - a potion of magic
 e - a potion of curing
 j - 2 potions of enlightenment


   Skills:
 - Level 1.7 Dodging
 - Level 1.5 Stealth
 - Level 1.7 Spellcasting
 + Level 1.9 Conjurations
 + Level 1.3 Air Magic
 + Level 3.9 Alchemy


You had one spell level left.
You knew the following spells:

 Your Spells              Type           Power      Damage    Failure   Level
a - Sting                 Conj/Alch      40%        1d5       6%          1
b - Mephitic Cloud        Conj/Alch/Air  9%         N/A       24%         3

Your spell library contained the following spells:

 Spells                   Type           Power      Damage    Failure   Level
 Mercury Vapours          Alch/Air       18%        N/A       11%         2
 Olgreb's Toxic Radiance  Alch           14%        N/A       38%         4
 Sticky Flame             Fire/Alch      7%         2d4       67%         4


Dungeon Overview and Level Annotations

Branches:
Dungeon (2/15)

Altars:

Shops:
D:2 *

Annotations:
D:2 Natasha


Innate Abilities, Weirdness & Mutations

You can wield a second weapon in your off-hand.
It takes a long time for you to wield or remove held weapons.
Your first few attacks do less damage.
You cannot equip rings or amulets.


Message History

Aim: an adder (poisoned, 53% to hit)
The sting misses the adder.
You feel sick. The adder bites you but does no damage.
Unknown command.
Blink to where?
Press: ? - help, Dir - move target, p - adder
As you read the scroll labelled IFAPEC HIST, it crumbles to dust.
It was a scroll of blinking.
You feel sick.
You feel sick.
As you read the scroll labelled UXTUAL EFFAO, it crumbles to dust.
A profound silence engulfs you.
It was a scroll of silence.
You feel sick.
You are no longer poisoned.
The adder misses you. The adder attacks as it pursues you!
The adder closely misses you.
The adder looks more healthy.
The adder attacks as it pursues you! The adder bites you but does no damage.
You hit the adder with your +0 mace.
You kill the adder!
You aren't carrying any items that you can evoke.
Unknown command.
Okay, then.
Throw: 6 boomerangs
Press: ? - help, Q - select action, (/) - cycle Shift-Dir - straight line, f - Natasha
Aim: Natasha (silenced, 45% to hit)
You throw a boomerang. The boomerang closely misses Natasha.
Natasha claws you.
Unknown command.
You hit Natasha with your +0 mace.
Natasha is lightly wounded.
You hit Natasha but do no damage. Natasha claws you.
* * * LOW HITPOINT WARNING * * *
Unknown command.
You feel better. Natasha claws you!
* * * LOW HITPOINT WARNING * * *
You hit Natasha with your +0 mace.
Natasha is moderately wounded.
You barely miss Natasha with your +0 whip.
Natasha claws you.
You die...
Natasha begins licking her fur clean.

#....# #.#...
#####.### #.####
#....††.# .| ..
#.#### #.###.#.#
.#. #.....
#.###.#.# ..h
####.# #.##..#.#
... #.# #.##.##.#
#.# # #..
#.##.##.#.##§##.#
#.#
#....@..#..§§§..#
#.# ####h#### #§#
#.. ##J##
#J#######.#
#...###
#§#.......#
#...h.#
#§#§#######
#...#J####§§§.# #
#####...§h§.§.# #
######....# #
##.#### #


You could see Natasha and an endoplasm (unsilenced).

Vanquished Creatures
  An adder (D:2)
  3 ball pythons
  4 giant cockroaches
  2 goblins (D:1)
  4 hobgoblins
  2 kobolds (D:1)
  A quokka (D:1)
  6 bats
  11 frilled lizards (D:1)
  A rat (D:1)
35 creatures vanquished.

Notes
Turn   | Place    | Note
-------+----------+-------------------------------------------
     0 | D:1      | Shayle the Coglin Alchemist began the quest for the Orb.
     0 | D:1      | Reached XP level 1. HP: 13/13 MP: 3/3
   111 | D:1      | Reached skill level 1 in Conjurations
   262 | D:1      | Reached XP level 2. HP: 19/19 MP: 1/4
   607 | D:1      | Reached skill level 1 in Air Magic
   665 | D:1      | Reached XP level 3. HP: 24/24 MP: 5/5
  1020 | D:2      | Found Imnepe Saask's General Store.
  1026 | D:2      | Bought a scroll of identify for 20 gold pieces
  1026 | D:2      | Bought a scroll of identify for 20 gold pieces
  1168 | D:2      | Learned a level 3 spell: Mephitic Cloud
  1286 | D:2      | Noticed Natasha
  1309 | D:2      | Slain by Natasha

Illustrated notes

Levels and vault maps discovered:
D:1:      mrwooster_arrival_statue_2, layout_loops_cross, nrook_campfire,
          grunt_decor_fettered, minmay_lizard_king
D:2:      cheibrodos_pilgrimage, layout_loops_cross, serial_shops, shop,
          hellmonk_ecumenical_altar_watching_god, minmay_pentomino_v2,
          uniq_natasha

Skill      XL: |  1  2 |
---------------+-------+-----
Conjurations   | 1 |  1.9
Air Magic      | 1 |  1.3
Dodging        | |  1.7
Stealth        | |  1.5
Spellcasting   | |  1.7
Alchemy        | |  3.9

Action                     || total
---------------------------++-------
  Melee: Mace              ||    72
         Unarmed           ||     2
         Whip              ||    56
  Throw: Boomerang         ||     7
   Cast: Sting             ||    19
    Use: Scroll            ||     6
         Potion            ||     2
   Stab: Sleeping          ||     2
 Armour: Robe              ||    63
  Dodge: Dodged            ||    61

Table legend: (Time is in decaauts)
 A = Elapsed time spent in this place.
 B = Non-inter-level travel time spent in this place.
 C = Inter-level travel time spent in this place.
 D = Time resting spent in this place.
 E = Time spent auto-exploring this place.
 F = Levels seen in this place.
 G = Mean time per level.
                   A        B        C        D        E       F      G
               +--------+--------+--------+--------+--------+-----+--------+
         Total |   1331 |   1310 |     21 |      0 |    987 |   2 |  665.5 |
       Dungeon |   1331 |   1310 |     21 |      0 |    987 |   2 |  665.5 |
               +--------+--------+--------+--------+--------+-----+--------+

Top non-repeatable levels by time:
     D:1: 988 daAuts
     D:2: 342 daAuts
